 Dungeon Crawl Stone Soup version 0.30.0-29-ga12c61a403 (webtiles) character file.

Game seed: 17416101929075069541

140 safid the Chiller (level 5, -4/40 HPs)
             Began as a Merfolk Ice Elementalist on June 14, 2023.
             Slain by an orc
             ... wielding a +0 hand axe
              (6 damage)
             ... on level 3 of the Dungeon.
             The game lasted 00:03:20 (2083 turns).

safid the Chiller (Merfolk Ice Elementalist)        Turns: 2083, Time: 00:03:20

Health: -4/40      AC:  2    Str: 14    XL:     5   Next: 22%
Magic:  0/9        EV: 12    Int: 16    God:
Gold:   156        SH:  0    Dex: 15    Spells: 9/10 levels left

rFire   . . .        f - +0 dagger
rCold   + . .        (no shield)
rNeg    . . .        a - +0 robe
rPois   .            (no helmet)
rElec   .            (no cloak)
rCorr   .            (no gloves)
SInv    .            (no boots)
Will    .....        (no amulet)
Stlth   ++           d - ring of protection from cold
HPRegen 0.26/turn    c - +6 ring of strength
MPRegen 0.11/turn

%: no passive effects
@: no status effects
A: (nimble swimmer 2), mertail
a: no special abilities


You were on level 3 of the Dungeon.
You visited 1 branch of the dungeon, and saw 3 of its levels.

You collected 156 gold pieces.

Inventory:

Hand Weapons
 f - a +0 dagger (weapon)
Armour
 a - a +0 robe (worn)
Jewellery
 c - a +6 ring of strength (right hand)
 d - a ring of protection from cold (left hand)
Scrolls
 g - a scroll of identify {unknown}
 h - 3 scrolls of teleportation {unknown}
 i - 2 scrolls of enchant weapon {unknown}
 j - a scroll of fear {unknown}
 k - 2 scrolls of fog {unknown}
 l - a scroll of blinking {unknown}
 m - a scroll of vulnerability {unknown}
 n - a scroll of magic mapping {unknown}
Potions
 b - a potion of magic
 e - 4 potions of curing


   Skills:
 + Level 2.8 Fighting
 - Level 2.6 Dodging
 - Level 2.1 Stealth
 + Level 3.2 Spellcasting
 + Level 5.3 Ice Magic


You had 9 spell levels left.
You knew the following spells:

 Your Spells              Type           Power      Damage    Failure   Level
a - Freeze                Ice            76%        1d8       1%          1

Your spell library contained the following spells:

 Spells                   Type           Power      Damage    Failure   Level
 Frozen Ramparts          Ice            38%        1d6       6%          3
 Ozocubu's Armour         Ice            19%        N/A       6%          3
 Summon Ice Beast         Ice/Summ       11%        N/A       52%         4


Dungeon Overview and Level Annotations

Branches:
Dungeon (3/15)

Altars:

Shops:
D:2 (


Innate Abilities, Weirdness & Mutations

((You are very nimble when in or above water. (Stealth+, EV+, Speed+++)))
Your lower body shifts to a powerful aquatic tail in water.


Message History

Press: ? - help, Shift-Dir - straight line, f/p - adder
Aim: an adder (moderately wounded)
You freeze the adder.
The adder is almost dead.
The adder seems to slow down.
The orc hits you with a +0 hand axe.
* * * LOW HITPOINT WARNING * * *
The orc wizard casts a spell.
The orc wizard flickers and vanishes!
Deactivating autopickup; reactivate with Ctrl-A.
The adder bites you.
* * * LOW HITPOINT WARNING * * *
Unknown command.
Casting: Freeze (safe; 1% risk of failure)
Confirm with . or Enter, or press ? or * to list all spells.
You don't have enough magic to cast this spell.
Unknown command.
You closely miss the adder.
The adder is almost dead.
The orc hits you with a +0 hand axe.
* * * LOW HITPOINT WARNING * * *
The adder bites you.
* * * LOW HITPOINT WARNING * * *
Unknown command.
Unknown command.
It was a potion of curing.
You feel better. The orc hits you with a +0 hand axe.
* * * LOW HITPOINT WARNING * * *
Unknown command.
You miss the adder.
The adder is almost dead.
The adder bites you.
* * * LOW HITPOINT WARNING * * *
The orc hits you with a +0 hand axe.
* * * LOW HITPOINT WARNING * * *
Unknown command.
Unknown command.
You miss the adder.
The adder is almost dead.
The orc hits you with a +0 hand axe.
You die...

#...........#.#
#.#
#.............#
#.#
#.....)...).###
#.# #...........#
#.#
..............#
#.######
#...............#
#.#....#
#....####.#####.#
#.#.##.# ##....#
#..# #S# #.#..#.#
......#####'####@#
#.#..#.#
#.....##.......#o#
#.####.#
#.....##.......#.#
#......#
#......#..≈≈≈..#.#
########
#.....('...≈)..'o#
##....##..≈≈≈..#.#
###.###....)J.#)#
#..##.......#.#
....####+####.#


You could see an adder (slow) and 2 orcs.

Vanquished Creatures
  5 adders
  4 gnolls (D:3)
  2 worms (D:2)
  7 endoplasms
  4 giant cockroaches
  7 goblins
  5 hobgoblins
  2 jackals (D:2)
  A quokka (D:1)
  A ball python (D:2)
  3 bats
  3 frilled lizards
  4 kobolds
  5 rats
53 creatures vanquished.

Notes
Turn   | Place    | Note
-------+----------+-------------------------------------------
     0 | D:1      | safid the Merfolk Ice Elementalist began the quest for the
                  | Orb.
     0 | D:1      | Reached XP level 1. HP: 13/13 MP: 3/3
   168 | D:1      | Reached XP level 2. HP: 20/20 MP: 3/5
   207 | D:1      | Found a faded altar of an unknown god.
   253 | D:1      | Reached skill level 1 in Fighting
   706 | D:2      | Reached XP level 3. HP: 23/26 MP: 0/6
   951 | D:2      | Found Ogrock's Weapon Boutique.
  1001 | D:2      | Reached skill level 5 in Ice Magic
  1001 | D:2      | Reached XP level 4. HP: 32/33 MP: 4/8
  2047 | D:3      | Reached XP level 5. HP: 32/39 MP: 3/9
  2082 | D:3      | HP: 2/40 [orc/+0 hand axe (5)]
  2083 | D:3      | Slain by an orc

Illustrated notes

Levels and vault maps discovered:
D:1:      psy_arrival_heroes, layout_basic, hellmonk_ecumenical_altar_blasted
D:2:      layout_loops_ring, serial_shops, shop, st_stairs_14
D:3:      layout_basic, st_stairs_12, kennysheep_generic_room_11

Skill      XL: |  1  2  3  4 |
---------------+-------------+-----
Fighting       | 1 2 |  2.8
Ice Magic      | 5 |  5.3
Spellcasting   | 3 |  3.2
Dodging        | |  2.6
Stealth        | |  2.1

Action                     |  1- 3 |  4- 6 || total
---------------------------+-------+-------++-------
  Melee: Dagger            |    69 |    33 ||   102
         Punch             |       |     1 ||     1
   Cast: Freeze            |    24 |    33 ||    57
    Use: Potion            |       |     1 ||     1
   Stab: Sleeping          |     2 |     3 ||     5
 Armour: Robe              |    15 |     6 ||    21
  Dodge: Dodged            |    54 |    33 ||    87
